Map: Fracture LE

Players

Emu - Winner!

  • Race: Terran Terran
  • League: Diamond
  • Spawn Location: 5:00

Player

  • Race: Terran Terran
  • League: Platinum
  • Spawn Location: 11:00

VOD

Have the link to the VOD?

Description

Plat TvT memes

Time

  • Played on: Oct. 16, 2018, 1:57 a.m.
  • Length: 27:14
Show
View Real Time Build Order
Export as new Build Order

Emu Terran - Winner!

Build Orders:  

Get SALT Encoding   

  12  0:00  SCV  
  13  0:16  Supply Depot  
  13  0:17  SCV  
  14  0:29  SCV  
  15  0:41  SCV  
  16  0:43  Barracks  
  16  0:49  Refinery  
  16  0:53  SCV  
  17  1:05  SCV  
  18  1:17  SCV  
  19  1:19  Barracks  
  19  1:29  SCV  
  20  1:34  Supply Depot  
  20  1:36  Reaper  
  21  1:43  Orbital Command  
  21  2:07  Bunker  
  21  2:08  Marine  
  22  2:09  SCV  
  22  2:14  Marine  
  24  2:20  Factory  
  24  2:28  Barracks Reactor  
  24  2:33  Marine  
  25  2:39  SCV  
  25  2:40  Bunker  
  26  2:58  Command Center  
  26  3:00  SCV  
  27  3:07  Marine  
  28  3:16  Factory  
  28  3:19  SCV  
  29  3:22  Refinery  
  29  3:26  Barracks Reactor  
  29  3:39  Barracks Tech Lab  
  29  3:41  SCV  
  30  3:46  Engineering Bay  
  30  3:54  Supply Depot  
  30  4:00  SCV  
  31  4:09  Hellion  
  35  4:10  Hellion  
  35  4:15  Orbital Command  
  35  4:17  Supply Depot  
  35  4:19  Cyclone  
  35  4:20  Cyclone  
  41  4:33  Hellion x2  
  41  4:36  SCV  
  46  4:44  Armory  
  46  4:47  Missile Turret  
  46  4:48  Orbital Command  
  46  4:57  Missile Turret  
  46  4:58  Cyclone  
  49  5:01  SCV  
  50  5:13  Hellion  
  52  5:20  Hellion x2  
  56  5:29  SCV  
  56  5:30  SCV  
  58  5:36  Terran Vehicle Weapons Level 1  
  58  5:37  Cyclone  
  58  5:41  SCV  
  62  5:44  Supply Depot  
  64  5:50  Hellion  
  53  6:09  Cyclone  
  53  6:10  Hellion x2  
  60  6:14  SCV x2  
  60  6:18  Refinery, Factory  
  60  6:31  Command Center  
  60  6:34  SCV x2  
  62  6:53  SCV  
  62  6:54  SCV  
  64  6:56  Factory  
  64  6:58  Refinery  
  64  7:01  Missile Turret  
  64  7:04  Supply Depot x2  
  64  7:05  SCV  
  64  7:06  SCV  
  66  7:13  Cyclone x2  
  72  7:25  SCV x2  
  72  7:27  Thor  
  80  7:30  Hellion x2  
  84  7:38  SCV x2  
  86  7:46  Hellion  
  86  7:50  SCV  
  89  8:08  SCV x2  
  89  8:10  Siege Tank  
  94  8:12  Refinery  
  94  8:15  Missile Turret  
  94  8:17  Missile Turret  
  94  8:20  SCV x2  
  94  8:22  Hellion x2  
  94  8:25  Factory Tech Lab  
  100  8:30  Terran Vehicle Weapons Level 2  
  100  8:37  Orbital Command  
  100  8:42  Thor  
  100  8:48  SCV x2  
  108  9:00  SCV  
  109  9:04  Refinery  
  109  9:07  Supply Depot, SCV  
  110  9:10  Supply Depot x2  
  84  9:35  Thor  
  84  9:36  Thor  
  84  9:37  Hellion x3  
  84  9:38  Hellion  
  104  9:44  Factory  
  104  9:45  Factory  
  101  9:48  Command Center  
  101  10:00  Armory  
  101  10:07  SCV x2  
  101  10:08  SCV  
  104  10:16  Supply Depot  
  104  10:17  Supply Depot  
  104  10:19  SCV  
  105  10:24  Thor  
  105  10:26  Command Center  
  111  10:33  Hellion  
  115  10:39  Thor  
  119  10:44  SCV x3  
  119  10:49  Factory Tech Lab x2  
  122  10:53  Terran Vehicle And Ship Armor Level 1  
  122  10:55  Terran Vehicle Weapons Level 3  
  122  10:56  SCV x2  
  124  11:06  Hellion x2  
  124  11:07  Hellion x2  
  132  11:15  SCV x2  
  132  11:16  SCV  
  135  11:26  Missile Turret  
  135  11:27  Sensor Tower  
  135  11:29  Missile Turret  
  135  11:36  SCV x3  
  138  11:43  Orbital Command  
  137  11:48  SCV  
  137  11:49  Missile Turret  
  137  11:52  Refinery  
  123  11:57  Siege Tank  
  123  11:58  Thor, Hellion  
  123  12:00  Hellion x2  
  128  12:04  Thor  
  128  12:05  Siege Tank  
  137  12:09  SCV x3  
  140  12:19  Infernal Pre-Igniter  
  140  12:21  Smart Servos  
  140  12:29  Thor  
  117  12:45  Thor  
  117  12:46  Hellion x4  
  123  13:12  Siege Tank  
  103  13:28  Thor  
  103  13:30  Hellion x3  
  103  13:31  Hellion  
  117  13:44  Thor  
  97  14:10  Thor  
  85  14:27  Siege Tank  
  85  14:28  Hellion x2  
  85  14:29  Hellion x2  
  96  14:35  Factory  
  96  14:36  Planetary Fortress  
  96  14:38  Factory  
  96  14:51  Hellion x3  
  102  14:54  Siege Tank  
  102  14:59  Siege Tank  
  92  15:25  Thor, Hellion x2  
  92  15:26  Hellion x2  
  106  15:31  Thor  
  106  15:32  Factory Tech Lab  
  106  15:34  Terran Vehicle And Ship Armor Level 2  
  112  15:36  Factory Tech Lab  
  112  15:43  SCV x3  
  112  15:45  Orbital Command  
  115  15:53  Refinery, Command Center  
  115  15:55  SCV  
  116  16:03  Refinery  
  116  16:07  Thor  
  116  16:08  Siege Tank, Thor  
  116  16:10  Hellion x2  
  135  16:13  Hellion x2  
  135  16:14  Siege Tank  
  143  16:25  SCV  
  143  16:26  SCV x2  
  143  16:31  Hellion  
  147  16:33  Hellion  
  147  16:34  Hellion  
  151  16:41  Siege Tank  
  151  16:46  Thor  
  160  16:57  SCV  
  160  16:58  SCV x2  
  163  17:08  Command Center  
  121  17:30  Thor x4  
  121  17:31  Widow Mine, Hellion  
  121  17:32  Hellion x2  
  126  17:53  Hellion x3  
  132  18:02  Planetary Fortress  
  132  18:13  Thor x2  
  119  18:37  Siege Tank x2  
  107  18:56  Siege Tank x2  
  107  18:57  SCV x2  
  107  18:58  SCV  
  110  19:10  SCV x3  
  110  19:14  Thor x2  
  110  19:16  Hellion x3  
  110  19:17  Hellion  
  133  19:27  SCV x3  
  133  19:28  SCV  
  122  19:49  Siege Tank x2  
  122  19:51  Hellion x4  
  136  19:58  SCV  
  136  19:59  SCV x2  
  139  20:03  SCV  
  140  20:10  SCV  
  140  20:11  SCV x2  
  143  20:15  SCV  
  144  20:23  SCV x3  
  131  20:57  Terran Vehicle And Ship Armor Level 3  
  131  21:15  Thor x4  
  131  21:17  Hellion x2  
  131  21:18  Hellion x2  
  157  21:39  Hellion x2  
  149  21:44  Hellion x2  
  147  21:58  Thor x3  
  165  22:06  Thor, Hellion  
  165  22:07  Hellion  
  167  22:40  SCV  
  168  22:53  Thor x3  
  186  23:51  Hellion  
  186  23:54  Hellion  
  153  24:12  Thor  
  153  24:13  Thor x2  
  153  24:14  Siege Tank  
  153  24:15  Hellion  
  153  24:16  Hellion  
  178  24:48  Thor  
  184  24:55  Siege Tank  
  184  24:58  Supply Depot  
  187  25:00  Supply Depot  
  180  25:30  Thor  
  180  25:31  Hellion  
  188  25:40  Hellion  
  188  25:41  Hellion  
  182  25:46  Siege Tank  
  167  26:02  Thor  
  173  26:16  Orbital Command  
  173  26:31  Siege Tank  
  173  26:32  Siege Tank  
  169  27:07  Refinery x2  
Show
View Real Time Build Order
Export as new Build Order

Player Terran 

Build Orders:  

Get SALT Encoding   

  12  1:30  SCV  
  13  1:36  Supply Depot  
  13  1:42  SCV  
  13  1:43  Refinery  
  13  1:45  Command Center  
  14  1:48  Supply Depot  
  14  1:52  Refinery  
  14  1:55  SCV  
  15  2:07  SCV  
  16  2:18  Barracks  
  16  2:19  SCV  
  17  2:31  SCV  
  18  2:43  SCV  
  19  2:55  Command Center  
  18  2:59  SCV  
  18  3:02  SCV  
  20  3:11  SCV  
  21  3:14  SCV  
  22  3:23  SCV  
  22  3:26  SCV  
  24  3:34  Factory  
  24  3:36  SCV  
  24  3:40  SCV  
  27  3:48  SCV  
  27  3:52  SCV  
  28  4:00  SCV  
  29  4:03  Factory  
  29  4:04  SCV  
  31  4:10  SCV  
  31  4:13  SCV  
  31  4:16  SCV, Marine  
  34  4:21  Cyclone  
  37  4:27  SCV  
  38  4:32  SCV  
  38  4:34  SCV, Marine  
  41  4:39  SCV  
  42  4:46  SCV  
  42  4:48  Factory Tech Lab  
  42  4:51  Starport, SCV  
  44  4:56  Engineering Bay, SCV  
  45  5:03  Cyclone, SCV  
  45  5:05  SCV  
  50  5:08  Marine  
  50  5:14  Siege Tank  
  54  5:16  SCV  
  54  5:17  SCV  
  56  5:22  Terran Infantry Weapons Level 1  
  56  5:26  Supply Depot, SCV  
  57  5:29  SCV x2  
  57  5:32  Medivac  
  61  5:41  Supply Depot, Barracks  
  61  5:48  Planetary Fortress, SCV  
  61  6:02  Medivac  
  55  6:05  Marine  
  55  6:06  Cyclone  
  51  6:23  Marine  
  52  6:28  SCV  
  52  6:32  Barracks Tech Lab  
  53  6:37  SCV  
  53  6:38  Cyclone, Barracks  
  57  6:40  SCV  
  57  6:41  Supply Depot, Marine  
  57  6:46  Refinery  
  59  6:48  Refinery  
  59  6:50  SCV  
  59  6:51  Supply Depot  
  59  6:52  SCV, Medivac  
  59  6:54  Marine  
  63  6:58  Marine  
  65  7:02  SCV x2  
  65  7:04  SCV  
  65  7:06  Refinery  
  65  7:08  Refinery  
  68  7:10  Stimpack  
  68  7:11  Marine  
  68  7:14  SCV  
  70  7:16  SCV, Marine  
  75  7:22  Siege Tank  
  75  7:26  SCV  
  75  7:29  Marine, SCV, Barracks Reactor  
  78  7:34  Marine  
  79  7:38  SCV  
  79  7:41  SCV  
  79  7:43  Hellion  
  83  7:46  Armory  
  83  7:47  Marine  
  83  7:50  SCV  
  85  7:52  Marine  
  85  7:53  SCV  
  87  7:59  Siege Tank  
  87  8:02  SCV  
  87  8:04  Hellion  
  93  8:05  Orbital Command  
  93  8:19  Supply Depot  
  93  8:29  Ghost Academy  
  93  8:31  Ghost Academy  
  93  8:38  Supply Depot, Terran Infantry Armor Level 1  
  93  8:39  SCV x2, Marine x3  
  93  8:40  Terran Vehicle And Ship Armor Level 1  
  99  8:43  Supply Depot  
  99  8:44  Hellbat  
  100  8:51  SCV x2  
  101  8:56  Marine x2  
  103  9:03  SCV  
  103  9:05  Hellbat  
  106  9:11  Combat Shield  
  106  9:14  Marine  
  106  9:15  SCV  
  102  9:25  Marine  
  102  9:26  Marine  
  102  9:27  SCV  
  88  9:32  Marine  
  83  9:38  Siege Tank  
  83  9:40  Hellbat  
  83  9:43  Marine x2  
  83  9:44  Marauder  
  87  9:48  Medivac  
  87  9:50  Marine  
  87  9:51  Supply Depot  
  90  9:55  Factory  
  90  9:58  Supply Depot  
  90  10:01  Hellbat, Marine x2  
  90  10:05  Marauder, Missile Turret  
  96  10:07  SCV  
  96  10:08  Marine  
  96  10:10  Siege Tank  
  101  10:18  Medivac  
  101  10:19  SCV, Marine x2  
  106  10:23  Hellbat  
  106  10:25  Marine  
  106  10:26  Marauder  
  111  10:30  Concussive Shells  
  111  10:31  SCV  
  111  10:32  Terran Infantry Weapons Level 2  
  112  10:37  Marine x2  
  117  10:42  Siege Tank  
  117  10:44  SCV  
  117  10:48  Marauder, Medivac  
  122  10:51  Command Center  
  122  10:53  Supply Depot  
  122  10:54  Marine  
  122  10:55  Marine  
  122  10:56  Missile Turret, Terran Vehicle And Ship Armor Level 2  
  124  10:58  Barracks  
  124  11:09  Marauder  
  126  11:12  Marine x3  
  126  11:14  Siege Tank  
  132  11:21  SCV  
  133  11:26  Personal Cloaking  
  133  11:27  Nuke, Supply Depot  
  133  11:30  Marine x3  
  133  11:31  Ghost  
  138  11:33  SCV  
  139  11:47  Siege Tank, Marine  
  138  11:48  Marine x2  
  136  12:00  Ghost  
  135  12:04  Marine  
  135  12:05  Marine  
  135  12:06  Marine x2  
  139  12:19  Siege Tank  
  139  12:21  Marine  
  143  12:23  Marine x2  
  143  12:24  Marine  
  143  12:28  Ghost  
  143  12:39  Marine  
  143  12:41  Marine x2  
  138  12:47  Terran Infantry Armor Level 2  
  138  12:48  Marine  
  133  12:57  Marine, Ghost  
  131  12:59  Marine x2  
  129  13:06  Marine  
  125  13:15  Marine  
  125  13:17  Marine x2  
  120  13:24  Marine  
  120  13:25  Ghost  
  122  13:32  Terran Vehicle And Ship Armor Level 3  
  122  13:34  Marine  
  122  13:35  Marine  
  124  13:42  Marine  
  125  13:52  Marine  
  125  13:53  Marine  
  125  13:54  Ghost  
  129  13:57  Nuke  
  129  13:58  Nuke  
  129  14:00  Marine  
  116  14:10  Marine  
  116  14:16  Command Center  
  106  14:17  Marine x2  
  106  14:22  Ghost  
  103  14:28  Marine  
  104  14:35  Marine x2  
  104  14:46  Marine  
  104  14:49  Marine  
  104  14:51  Ghost  
  108  14:52  Marine  
  108  14:53  Marine  
  108  14:57  Supply Depot, Hellion  
  108  14:58  Hellion  
  114  15:03  Terran Infantry Weapons Level 3, Marine  
  115  15:07  Marine  
  115  15:10  Marine  
  115  15:11  Marine  
  112  15:18  Command Center  
  112  15:19  Ghost, Hellion  
  112  15:20  Hellion  
  105  15:21  Marine  
  105  15:25  Marine  
  105  15:28  Marine  
  104  15:29  Marine  
  104  15:30  Command Center  
  104  15:31  SCV  
  104  15:34  SCV  
  108  15:39  Marine  
  108  15:40  Hellion  
  108  15:41  Hellion  
  113  15:43  SCV, Marine  
  113  15:44  Planetary Fortress  
  113  15:46  SCV, Marine  
  113  15:47  Marine  
  113  15:48  Ghost  
  120  15:52  Siege Tank  
  120  15:53  Medivac  
  120  15:55  SCV  
  126  15:57  Marine  
  126  15:58  SCV  
  126  16:01  Marine  
  126  16:02  Hellion  
  126  16:03  Hellion  
  126  16:04  Marine x2  
  133  16:07  SCV  
  133  16:09  Terran Vehicle Weapons Level 1  
  136  16:15  Marine  
  136  16:17  Ghost  
  139  16:19  Marine  
  139  16:20  Barracks  
  139  16:21  Marine  
  139  16:22  Marine  
  139  16:23  Medivac, Hellion  
  139  16:24  Siege Tank, Hellion  
  151  16:27  Ghost Academy  
  151  16:32  Missile Turret, Marine  
  151  16:36  Marine  
  151  16:38  Hellion  
  151  16:39  Marine  
  154  16:40  Marine  
  154  16:45  Cyclone  
  154  16:46  Marauder  
  160  16:50  Marine  
  160  16:53  Medivac  
  163  16:56  Siege Tank  
  165  17:07  Marauder  
  165  17:08  Planetary Fortress, Marine  
  167  17:14  Marine  
  167  17:15  Marine x2  
  158  17:17  Cyclone  
  146  17:26  Marine  
  146  17:28  Siege Tank  
  146  17:29  Marauder  
  143  17:32  Marine x2  
  143  17:33  Marine  
  137  17:40  Terran Infantry Armor Level 3  
  137  17:44  Marine  
  137  17:45  Nuke  
  137  17:49  Cyclone, SCV  
  137  17:50  Marauder, SCV, Marine x3  
  137  17:51  Ghost Academy  
  148  18:00  Siege Tank  
  148  18:01  SCV  
  148  18:02  Marine  
  148  18:03  SCV  
  154  18:11  Marauder  
  156  18:15  SCV  
  156  18:27  SCV  
  156  18:33  Marauder  
  134  18:53  Nuke  
  134  18:54  Marauder  
  133  18:56  Nuke  
  133  19:06  Hellion, Command Center  
  133  19:07  Siege Tank  
  133  19:08  Marine  
  139  19:10  Hellion  
  139  19:11  Medivac  
  139  19:16  Marauder  
  141  19:26  Marine  
  141  19:27  Hellion  
  146  19:31  Hellion  
  146  19:37  Marauder, Marine x4  
  129  19:39  Siege Tank  
  129  19:41  Medivac  
  129  19:44  Marine  
  104  19:49  Hellion  
  102  19:52  Hellion  
  102  19:54  Marine  
  102  19:55  Marine x3  
  102  19:58  Marauder  
  108  20:00  Nuke  
  108  20:01  Nuke, Marine  
  109  20:10  Hellion  
  109  20:11  Siege Tank, Planetary Fortress, Medivac  
  109  20:12  Missile Turret, Marine x2  
  109  20:14  Hellion  
  120  20:19  Marine  
  120  20:20  Marauder  
  120  20:21  Terran Vehicle Weapons Level 2  
  123  20:24  Structure Armor  
  123  20:32  Hellion  
  123  20:33  Marine x4  
  123  20:35  Hellion  
  131  20:37  Marine  
  131  20:41  Marauder, Medivac  
  132  20:43  Siege Tank  
  120  20:51  Marine x4  
  120  20:53  Hellion  
  120  20:55  Marine  
  120  20:56  Cyclone  
  116  21:03  Marauder  
  111  21:09  Marine x4  
  111  21:11  Medivac  
  117  21:15  Siege Tank, Marine  
  120  21:24  Marauder  
  120  21:25  Planetary Fortress  
  121  21:26  Marine  
  121  21:27  Marine x3  
  121  21:28  Cyclone  
  118  21:33  Marine  
  93  21:41  Medivac  
  93  21:44  Marine x2  
  93  21:45  Marauder, Marine x2  
  98  21:47  Siege Tank  
  101  22:01  Hellbat  
  100  22:02  Marine x4  
  100  22:07  Marauder  
  100  22:08  SCV  
  102  22:11  Medivac  
  102  22:13  Refinery  
  104  22:18  Refinery, Barracks  
  104  22:19  Siege Tank  
  104  22:20  SCV, Marine x4  
  104  22:21  Refinery  
  104  22:22  Barracks, Hellbat  
  114  22:25  SCV  
  114  22:28  Marauder  
  118  22:37  SCV  
  118  22:38  Marine x4  
  118  22:41  Medivac  
  118  22:44  Hellbat  
  118  22:48  Command Center  
  118  22:49  Marauder  
  117  22:51  Siege Tank  
  120  23:05  SCV, Hellbat  
  122  23:08  Barracks Tech Lab  
  122  23:10  Medivac  
  122  23:11  Marauder  
  122  23:12  Barracks Tech Lab  
  118  23:13  Bunker  
  118  23:16  Supply Depot  
  118  23:17  SCV  
  115  23:23  Siege Tank  
  115  23:26  Hellbat  
  120  23:29  SCV  
  120  23:32  Marauder  
  120  23:33  Marauder  
  121  23:34  Marauder  
  121  23:38  Marine x3  
  121  23:41  SCV  
  122  23:53  SCV  
  122  23:55  Marauder  
  119  23:56  Siege Tank  
  119  23:59  Marauder  
  74  24:10  Planetary Fortress  
  74  24:16  Marauder x2  
  78  24:20  Marauder  
  80  24:37  Marauder  
  80  24:38  Marauder  
  82  24:41  Marauder  
  82  24:42  SCV  
  82  24:45  Factory Tech Lab  
  78  24:49  SCV  
  79  24:54  SCV  
  84  25:01  SCV  
  84  25:03  Marauder  
  84  25:06  SCV  
  88  25:14  SCV  
  86  25:18  SCV  
  75  25:30  Marine x3  
  75  25:31  Marine  
  65  25:44  Marauder  
  65  25:48  Marine x3  
  59  25:54  Marine  
  60  25:58  SCV  
  60  26:03  Marine  
  62  26:06  Marauder, Marine x3  
  62  26:10  SCV  
  68  26:14  Siege Tank  
  71  26:20  Refinery  
  71  26:21  Marine  
  72  26:27  Marauder  
  60  26:49  Marauder  
Tags
 
Matchup
TvT
Race
Terran
Spawn Locations
Cross Positions
Add a new tag
Caveats
  • Supply blocks, unpowered buildings, or Contaminate may cause inaccurate times.
  • Supply counts are checked every 10 seconds.